MAA
BELVEDERE PARK RAWHIDES @ PORTSMOUTH COASTIES
06/23/2019
 
TOP OF THE 1ST
Belvedere Park Rawhides batting - Pitching for Portsmouth Coasties : RHP Alex Simmons
Pitching: RHP Alex Simmons
Batting: RHB Ralph McKnight 0-0: Ball
1-0: SINGLE (Line Drive, 56D)
Batting: SHB Jason Alexander 0-0: Ball
Ralph McKnight steals 2nd base
1-0: Ball
2-0: Swinging Strike
2-1: Ball
3-1: Called Strike
3-2: Base on Balls
Batting: RHB Danny Penn 0-0: Called Strike
0-1: Foul Ball, location: 2F
0-2: Ball
1-2: Strikes out swinging
Batting: LHB Eugene Lawrence 0-0: Called Strike
0-1: Foul Ball, location: 2F
0-2: Ball
1-2: Strikes out swinging
Batting: RHB Pedro Jiménez 0-0: Ball
1-0: Called Strike
1-1: Foul Ball, location: 2F
1-2: Ball
2-2: Foul Ball, location: 2F
2-2: Strikes out swinging
Top of the 1st over - 0 run(s), 1 hit(s), 0 error(s), 2 left on base; Belvedere Park 0 - Portsmouth 0
BOTTOM OF THE 1ST
Portsmouth Coasties batting - Pitching for Belvedere Park Rawhides : RHP César Galló
Pitching: RHP César Galló
Batting: RHB José Masaferro 0-0: Ground out 5-3 (Groundball, 56S)
Batting: RHB José Villegas 0-0: Ball
1-0: Fly out, F8 (Flyball, 8RM)
Batting: RHB Pablo Lugo 0-0: Called Strike
0-1: Foul Ball, location: 2F
0-2: Foul Ball, location: 2F
0-2: Ball
1-2: Foul Ball, location: 2F
1-2: Ball
2-2: Fly out, F8 (Flyball, 8RM)
Bottom of the 1st over - 0 run(s), 0 hit(s), 0 error(s), 0 left on base; Belvedere Park 0 - Portsmouth 0
TOP OF THE 2ND
Belvedere Park Rawhides batting - Pitching for Portsmouth Coasties : RHP Alex Simmons
Batting: LHB Clark Espinosa 0-0: Ball
1-0: Ball
2-0: Called Strike
2-1: Foul Ball, location: 2F
2-2: SINGLE (Line Drive, 34D)
Batting: SHB Phil Moore 0-0: Ball
1-0: Called Strike
1-1: Ball
2-1: Called Strike
2-2: Fly out, F4 (Line Drive, 4)
Batting: RHB Michael Taylor 0-0: Called Strike
0-1: Ball
Wild Pitch!
Clark Espinosa to second
1-1: Fly out, F9 (Flyball, 9D)
Runner from 2nd tags up, SAFE at 3rd, no throw
Batting: RHB Marlon Cummins 0-0: Called Strike
0-1: Ball
1-1: Ball
2-1: Ball
3-1: Base on Balls
Batting: RHB Ralph McKnight 0-0: Called Strike
0-1: Foul Ball, location: 2F
0-2: Strikes out swinging
Top of the 2nd over - 0 run(s), 1 hit(s), 0 error(s), 2 left on base; Belvedere Park 0 - Portsmouth 0
BOTTOM OF THE 2ND
Portsmouth Coasties batting - Pitching for Belvedere Park Rawhides : RHP César Galló
Batting: SHB Jim Bunker 0-0: Ball
1-0: Foul Ball, location: 2F
1-1: Ball
2-1: DOUBLE (Line Drive, 78M)
Batting: LHB Pedro Rodríguez 0-0: Called Strike
0-1: Ball
1-1: Foul Ball, location: 2F
1-2: Foul Ball, location: 2F
1-2: Strikes out looking
Batting: RHB Ángel Ruezga 0-0: Ball
1-0: Foul Ball, location: 2F
1-1: Ball
2-1: Fly out, F8 (Flyball, 8LM)
Batting: RHB Dave Davis 0-0: Called Strike
0-1: Foul Ball, location: 2F
0-2: Ground out 6-3 (Groundball, 6M)
Bottom of the 2nd over - 0 run(s), 1 hit(s), 0 error(s), 1 left on base; Belvedere Park 0 - Portsmouth 0
TOP OF THE 3RD
Belvedere Park Rawhides batting - Pitching for Portsmouth Coasties : RHP Alex Simmons
Batting: SHB Jason Alexander 0-0: Swinging Strike
0-1: Foul Ball, location: 2F
0-2: Ground out 5-3 (Groundball, 5S)
Batting: RHB Danny Penn 0-0: Ball
1-0: Ball
2-0: Fly out, F5 (Popup, 5F)
Batting: LHB Eugene Lawrence 0-0: Ground out 4-3 (Groundball, 34)
Top of the 3rd over - 0 run(s), 0 hit(s), 0 error(s), 0 left on base; Belvedere Park 0 - Portsmouth 0
BOTTOM OF THE 3RD
Portsmouth Coasties batting - Pitching for Belvedere Park Rawhides : RHP César Galló
Batting: LHB José Rodríguez 0-0: Ball
1-0: Called Strike
1-1: Ball
2-1: Ball
3-1: Base on Balls
Batting: RHB John Aston 0-0: Ball
1-0: Called Strike
1-1: SINGLE (Flyball, 7LS)
José Rodríguez to second
Batting: RHB José Masaferro 0-0: Called Strike
0-1: SINGLE (Groundball, 6M)
José Rodríguez to third
John Aston to second
Runner from 3rd tries for Home, SAFE, no throw or cutoff
Batting: RHB José Villegas 0-0: Ball
1-0: Called Strike
1-1: Swinging Strike
1-2: Ball
2-2: DOUBLE (Flyball, 8RS)
John Aston scores
José Masaferro to third
Batting: RHB Pablo Lugo 0-0: Fly out, F4 (Popup, 34D)
Batting: SHB Jim Bunker 0-0: Foul Ball, location: 2F
0-1: 3-RUN HOME RUN (Flyball, 9D), Distance : 392 ft
Batting: LHB Pedro Rodríguez 0-0: Ball
1-0: Foul Ball, location: 2F
1-1: Ball
2-1: Ball
3-1: Swinging Strike
3-2: Foul Ball, location: 2F
3-2: Base on Balls
Batting: RHB Ángel Ruezga 0-0: Ball
1-0: SINGLE (Groundball, 5)
Pedro Rodríguez to second
Batting: RHB Dave Davis 0-0: Ball
1-0: Called Strike
1-1: SINGLE (Groundball, 34D)
Pedro Rodríguez to third
Ángel Ruezga to second
Runner from 3rd tries for Home, throw and OUT!
Batting: LHB José Rodríguez 0-0: Ball
1-0: Ball
2-0: Ball
3-0: Called Strike
3-1: Swinging Strike
3-2: Foul Ball, location: 2F
3-2: Foul Ball, location: 2F
3-2: Fly out, F5 (Popup, 5DF)
Bottom of the 3rd over - 5 run(s), 6 hit(s), 0 error(s), 2 left on base; Belvedere Park 0 - Portsmouth 5
TOP OF THE 4TH
Belvedere Park Rawhides batting - Pitching for Portsmouth Coasties : RHP Alex Simmons
Batting: RHB Pedro Jiménez 0-0: Ball
1-0: SINGLE (Line Drive, 4MD)
Batting: LHB Clark Espinosa 0-0: Ball
1-0: Foul Ball, location: 2F
1-1: Ball
2-1: SINGLE (Groundball, 6D)
Pedro Jiménez to second
Batting: SHB Phil Moore 0-0: Swinging Strike
0-1: Ball
1-1: Fly out, F7 (Flyball, 8LM)
Batting: RHB Michael Taylor 0-0: Ball
1-0: Called Strike
1-1: Ball
2-1: Ball
3-1: Grounds into double play, 2-6-3 (Groundball, 2R)
Top of the 4th over - 0 run(s), 2 hit(s), 0 error(s), 1 left on base; Belvedere Park 0 - Portsmouth 5
BOTTOM OF THE 4TH
Portsmouth Coasties batting - Pitching for Belvedere Park Rawhides : RHP César Galló
Batting: RHB John Aston 0-0: Ball
1-0: DOUBLE (Flyball, 8RM)
Batting: RHB José Masaferro 0-0: Swinging Strike
0-1: Foul Ball, location: 2F
0-2: Strikes out swinging
Batting: RHB José Villegas 0-0: Ball
1-0: SINGLE (Flyball, 9LS)
John Aston to third
Batting: RHB Pablo Lugo 0-0: Swinging Strike
0-1: Ball
1-1: Called Strike
1-2: Foul Ball, location: 2F
1-2: Strikes out swinging
Batting: SHB Jim Bunker 0-0: Foul Ball, location: 2F
0-1: Ball
1-1: Ball
2-1: Ball
3-1: Called Strike
3-2: Base on Balls
José Villegas to second
Batting: LHB Pedro Rodríguez 0-0: Ball
1-0: Ball
2-0: Ball
3-0: Base on Balls
John Aston scores
José Villegas to third
Jim Bunker to second
Pitching: RHP Manny Ledesma
Batting: RHB Ángel Ruezga 0-0: Ball
1-0: Fly out, F9 (Flyball, 9M)
Bottom of the 4th over - 1 run(s), 2 hit(s), 0 error(s), 3 left on base; Belvedere Park 0 - Portsmouth 6
TOP OF THE 5TH
Belvedere Park Rawhides batting - Pitching for Portsmouth Coasties : RHP Alex Simmons
Batting: RHB Marlon Cummins 0-0: Ball
1-0: Ball
2-0: Ball
3-0: Called Strike
3-1: Fly out, F6 (Popup, 6MD)
Batting: RHB Ralph McKnight 0-0: Swinging Strike
0-1: Foul Ball, location: 2F
0-2: Foul Ball, location: 2F
0-2: Strikes out swinging
Batting: SHB Jason Alexander 0-0: Ball
1-0: Ball
2-0: Ball
3-0: Called Strike
3-1: Foul Ball, location: 2F
3-2: Base on Balls
Batting: RHB Danny Penn 0-0: Ball
1-0: Foul Ball, location: 2F
1-1: Foul Ball, location: 2F
1-2: Foul Ball, location: 2F
1-2: SINGLE (Groundball, 4M)
Jason Alexander to second
Batting: LHB Eugene Lawrence 0-0: Ball
1-0: Called Strike
1-1: Swinging Strike
1-2: Fly out, F9 (Flyball, 89M)
Top of the 5th over - 0 run(s), 1 hit(s), 0 error(s), 2 left on base; Belvedere Park 0 - Portsmouth 6
BOTTOM OF THE 5TH
Portsmouth Coasties batting - Pitching for Belvedere Park Rawhides : RHP Manny Ledesma
Batting: RHB Dave Davis 0-0: Foul Ball, location: 2F
0-1: Fly out, F8 (Flyball, 8RM)
Batting: LHB José Rodríguez 0-0: Ball
1-0: Foul Ball, location: 2F
1-1: Called Strike
1-2: DOUBLE (Line Drive, 9LM)
Batting: RHB John Aston 0-0: Called Strike
0-1: Ball
1-1: Called Strike
1-2: Fly out, F8 (Flyball, 8LM)
Batting: RHB José Masaferro 0-0: Called Strike
0-1: Ball
1-1: Ball
2-1: Fly out, F9 (Flyball, 9M)
Bottom of the 5th over - 0 run(s), 1 hit(s), 0 error(s), 1 left on base; Belvedere Park 0 - Portsmouth 6
TOP OF THE 6TH
Belvedere Park Rawhides batting - Pitching for Portsmouth Coasties : RHP Alex Simmons
Batting: RHB Pedro Jiménez 0-0: Ball
1-0: Ball
2-0: Ball
3-0: Base on Balls
Batting: LHB Clark Espinosa 0-0: Called Strike
0-1: Ball
1-1: Ball
2-1: Ball
3-1: DOUBLE (Line Drive, 7LM)
Pedro Jiménez to third
Batting: SHB Phil Moore 0-0: Called Strike
0-1: Swinging Strike
0-2: Ball
1-2: Strikes out swinging
Batting: RHB Michael Taylor 0-0: Ground out 6-3 (Groundball, 6M)
Pedro Jiménez scores
Clark Espinosa to third
Batting: RHB Marlon Cummins 0-0: Ball
1-0: Called Strike
1-1: SINGLE (Flyball, 78S)
Clark Espinosa scores
Pitching: RHP Alfredo Martínez
Batting: RHB Ralph McKnight 0-0: Called Strike
0-1: Ball
1-1: Called Strike
1-2: Ball
2-2: Strikes out swinging
Top of the 6th over - 2 run(s), 2 hit(s), 0 error(s), 1 left on base; Belvedere Park 2 - Portsmouth 6
BOTTOM OF THE 6TH
Portsmouth Coasties batting - Pitching for Belvedere Park Rawhides : RHP Manny Ledesma
Batting: RHB José Villegas 0-0: Ball
1-0: Ball
2-0: Called Strike
2-1: Foul Ball, location: 2F
2-2: Strikes out looking
Batting: RHB Pablo Lugo 0-0: Ball
1-0: Called Strike
1-1: Ball
2-1: Fly out, F4 (Popup, 4)
Batting: SHB Jim Bunker 0-0: Ball
1-0: Called Strike
1-1: Fly out, F7 (Flyball, 78M)
Bottom of the 6th over - 0 run(s), 0 hit(s), 0 error(s), 0 left on base; Belvedere Park 2 - Portsmouth 6
TOP OF THE 7TH
Belvedere Park Rawhides batting - Pitching for Portsmouth Coasties : RHP Alfredo Martínez
Batting: SHB Jason Alexander 0-0: Ball
1-0: Foul Ball, location: 2F
1-1: Ball
2-1: Foul Ball, location: 2F
2-2: Ball
3-2: Fly out, F8 (Flyball, 8RM)
Batting: RHB Danny Penn 0-0: Ball
1-0: Ball
2-0: SOLO HOME RUN (Flyball, 78XD), Distance : 390 ft
Batting: LHB Eugene Lawrence 0-0: Fly out, F8 (Flyball, 8LM)
Batting: RHB Pedro Jiménez 0-0: Foul Ball, location: 2F
0-1: Ball
1-1: Hit by Pitch
Batting: LHB Clark Espinosa 0-0: Ball
1-0: Called Strike
1-1: Foul Ball, location: 2F
1-2: Strikes out swinging
Top of the 7th over - 1 run(s), 1 hit(s), 0 error(s), 1 left on base; Belvedere Park 3 - Portsmouth 6
BOTTOM OF THE 7TH
Portsmouth Coasties batting - Pitching for Belvedere Park Rawhides : RHP Manny Ledesma
Pitching: RHP Álex Carrillo
Batting: LHB Pedro Rodríguez 0-0: Ball
1-0: SINGLE (Flyball, 89S)
Batting: RHB Ángel Ruezga 0-0: Ball
1-0: Foul Ball, location: 2F
1-1: Called Strike
1-2: Hit by Pitch
Pedro Rodríguez to second
Batting: RHB Dave Davis 0-0: Sac Bunt - play at first, batter OUT! 2-3
Pedro Rodríguez to third
Ángel Ruezga to second
Batting: LHB José Rodríguez 0-0: Intentional Walk
Batting: RHB John Aston 0-0: Called Strike
0-1: Fly out, F7 (Flyball, 7S)
Pinch Hitting: LHB Jim Unknown 0-0: Called Strike
0-1: Ball
1-1: Ball
2-1: Ball
3-1: Called Strike
3-2: Fly out, F3 (Popup, 3DF)
Bottom of the 7th over - 0 run(s), 1 hit(s), 0 error(s), 3 left on base; Belvedere Park 3 - Portsmouth 6
TOP OF THE 8TH
Belvedere Park Rawhides batting - Pitching for Portsmouth Coasties : RHP Alfredo Martínez
Now in LF: Jim Unknown
Batting: SHB Phil Moore 0-0: Ball
1-0: Foul Ball, location: 2F
1-1: Foul Ball, location: 2F
1-2: Foul Ball, location: 2F
1-2: Strikes out swinging
Batting: RHB Michael Taylor 0-0: Fly out, F8 (Line Drive, 8RS)
Batting: RHB Marlon Cummins 0-0: Swinging Strike
0-1: SINGLE (Line Drive, 78S)
Pitching: RHP Justin Jamerson
Batting: RHB Ralph McKnight 0-0: SINGLE (Groundball, 15S) (infield hit)
Marlon Cummins to second
Pitching: RHP Ron Yarbrough
Batting: SHB Jason Alexander 0-0: Called Strike
0-1: Foul Ball, location: 2F
0-2: Ball
1-2: Strikes out swinging
Top of the 8th over - 0 run(s), 2 hit(s), 0 error(s), 2 left on base; Belvedere Park 3 - Portsmouth 6
BOTTOM OF THE 8TH
Portsmouth Coasties batting - Pitching for Belvedere Park Rawhides : RHP Álex Carrillo
Batting: RHB José Villegas 0-0: Called Strike
0-1: Foul Ball, location: 2F
0-2: Ball
1-2: Ball
2-2: SINGLE (Groundball, 5D)
Batting: RHB Pablo Lugo 0-0: Ball
1-0: Called Strike
José Villegas steals 2nd base
1-1: Intentional Walk
Batting: SHB Jim Bunker 0-0: Called Strike
0-1: Ball
1-1: 3-RUN HOME RUN (Flyball, 9LD), Distance : 352 ft
Pitching: RHP Paul Abbott
Batting: LHB Pedro Rodríguez 0-0: Ball
1-0: Foul Ball, location: 2F
1-1: Ball
2-1: Foul Ball, location: 2F
2-2: DOUBLE (Flyball, 78M)
Batting: RHB Ángel Ruezga 0-0: Called Strike
0-1: Called Strike
0-2: Ball
1-2: Strikes out swinging
Batting: RHB Dave Davis 0-0: Called Strike
0-1: Ball
1-1: SINGLE (Line Drive, 4D)
Pedro Rodríguez to third
Batting: LHB José Rodríguez 0-0: Ball
1-0: Foul Ball, location: 2F
1-1: Called Strike
1-2: Fly out, F6 (Popup, 6)
Batting: RHB John Aston 0-0: Foul Ball, location: 2F
0-1: Ball
1-1: Fly out, F7 (Line Drive, 78M)
Bottom of the 8th over - 3 run(s), 4 hit(s), 0 error(s), 2 left on base; Belvedere Park 3 - Portsmouth 9
TOP OF THE 9TH
Belvedere Park Rawhides batting - Pitching for Portsmouth Coasties : RHP Ron Yarbrough
Batting: RHB Danny Penn 0-0: Ball
1-0: Swinging Strike
1-1: Ball
2-1: Swinging Strike
2-2: Ball
3-2: Base on Balls
Batting: LHB Eugene Lawrence 0-0: Foul Ball, location: 2F
0-1: Swinging Strike
0-2: Strikes out swinging
Batting: RHB Pedro Jiménez 0-0: SINGLE (Groundball, 6MD)
Danny Penn to second
Batting: LHB Clark Espinosa 0-0: Ball
1-0: Called Strike
1-1: SINGLE (Line Drive, 4MD)
Danny Penn to third
Pedro Jiménez to second
Runner from 3rd tries for Home, SAFE, no throw or cutoff
Pitching: RHP Xavier Andrade
Batting: SHB Phil Moore 0-0: Ball
Wild Pitch!
Pedro Jiménez to third
Clark Espinosa to second
1-0: Ground out 4-3 (Groundball, 4M)
Pedro Jiménez scores
Clark Espinosa to third
Batting: RHB Michael Taylor 0-0: Ball
1-0: Swinging Strike
1-1: Ball
2-1: Swinging Strike
2-2: Ball
3-2: Strikes out swinging
Top of the 9th over - 2 run(s), 2 hit(s), 0 error(s), 1 left on base; Belvedere Park 5 - Portsmouth 9
This league is powered by Out of the Park Baseball, the baseball management simulation game for PC, Mac and Linux
Saturday, July 25th, 2015 - OOTP Baseball 15.6 Build 34